TOP OF THE 1ST |
San Francisco (WIN) Giants batting - Pitching for Pittsburgh (WIN) Pirates : LHP Alfredo Carranza
|
Pitching: LHP Alfredo Carranza
|
|
Batting: LHB Josh Straub
|
0-0: Ball 1-0: Foul Ball, location: 2F 1-1: Ball 2-1: Ball 3-1: Base on Balls
|
Batting: RHB Drew Duncan
|
0-0: Ball 1-0: Ball 2-0: Ball 3-0: Reached on error, E5 (Groundball, 56S, EV 93.8 MPH) Josh Straub to second
|
Batting: RHB Jason Gregor
|
0-0: Called Strike 0-1: Swinging Strike 0-2: SINGLE (Groundball, 6MD, EV 103.1 MPH) Josh Straub to third Drew Duncan to second Runner from 3rd tries for Home, SAFE, throw by CF to home
|
Batting: LHB Tony Galvan
|
0-0: Fly out, F8 (Flyball, 8LM, EV 75.0 MPH)
|
Batting: RHB Micah McErlean
|
0-0: Ball 1-0: Called Strike 1-1: Swinging Strike 1-2: Strikes out swinging
|
Batting: LHB Juan Gonzalez
|
0-0: Called Strike 0-1: Ball 1-1: Swinging Strike 1-2: Fly out, F6 (Popup, 6MS, EV 73.1 MPH)
|
Top of the 1st over - 1 run, 1 hit, 1 error, 2 left on base; San Francisco (WIN) 1 - Pittsburgh (WIN) 0 |
BOTTOM OF THE 1ST |
Pittsburgh (WIN) Pirates batting - Pitching for San Francisco (WIN) Giants : RHP Pat Wiggins
|
Pitching: RHP Pat Wiggins
|
|
Batting: RHB Etsuro Hosokawa
|
0-0: Foul Ball, location: 2F 0-1: Ball 1-1: Swinging Strike 1-2: Ball 2-2: Strikes out looking
|
Batting: RHB Ken Manser
|
0-0: Ball 1-0: Ball 2-0: Called Strike 2-1: Ball 3-1: Called Strike 3-2: Base on Balls
|
Batting: RHB Jose Almonte
|
0-0: Ball 1-0: Ball 2-0: Ball 3-0: Called Strike 3-1: Base on Balls Ken Manser to second
|
Batting: LHB Gregg Kellerman
|
0-0: Called Strike 0-1: Foul Ball, location: 2F 0-2: Foul Ball, location: 2F 0-2: Strikes out swinging
|
Batting: RHB Mike Velazquez
|
0-0: Called Strike 0-1: Called Strike 0-2: Strikes out swinging
|
Bottom of the 1st over - 0 runs, 0 hits, 0 errors, 2 left on base; San Francisco (WIN) 1 - Pittsburgh (WIN) 0 |
TOP OF THE 2ND |
San Francisco (WIN) Giants batting - Pitching for Pittsburgh (WIN) Pirates : LHP Alfredo Carranza
|
Batting: RHB Dinand Brouwer
|
0-0: Ground out 2-3 (Groundball, 2R, EV 69.4 MPH)
|
Batting: RHB Josh Lippens
|
0-0: Ball 1-0: Ground out 6-3 (Groundball, 6, EV 88.1 MPH)
|
Batting: RHB Gabe Ochoa
|
0-0: Ground out 4-3 (Groundball, 13, EV 88.8 MPH)
|
Top of the 2nd over - 0 runs, 0 hits, 0 errors, 0 left on base; San Francisco (WIN) 1 - Pittsburgh (WIN) 0 |
BOTTOM OF THE 2ND |
Pittsburgh (WIN) Pirates batting - Pitching for San Francisco (WIN) Giants : RHP Pat Wiggins
|
Batting: LHB Ruben Garza
|
0-0: Called Strike 0-1: Ball 1-1: Foul Ball, location: 2F 1-2: Strikes out swinging
|
Batting: SHB Mike Corley
|
0-0: Ball 1-0: Called Strike 1-1: Foul Ball, location: 2F 1-2: Strikes out swinging
|
Batting: RHB Tim Moore
|
0-0: Called Strike 0-1: Swinging Strike 0-2: Strikes out swinging
|
Bottom of the 2nd over - 0 runs, 0 hits, 0 errors, 0 left on base; San Francisco (WIN) 1 - Pittsburgh (WIN) 0 |
TOP OF THE 3RD |
San Francisco (WIN) Giants batting - Pitching for Pittsburgh (WIN) Pirates : LHP Alfredo Carranza
|
Batting: LHB Josh Straub
|
0-0: Ball 1-0: Ball 2-0: Ball 3-0: Called Strike 3-1: Swinging Strike 3-2: Base on Balls
|
Batting: RHB Drew Duncan
|
0-0: Foul Ball, location: 2F 0-1: Swinging Strike 0-2: Ball 1-2: Ball 2-2: SINGLE (Line Drive, 7S, EV 110.0 MPH) Josh Straub to second
|
Batting: RHB Jason Gregor
|
0-0: Called Strike 0-1: Fly out, F3 (Popup, 34S, EV 66.2 MPH)
|
Batting: LHB Tony Galvan
|
0-0: Ball 1-0: Ball 2-0: Ball 3-0: Called Strike 3-1: Base on Balls Josh Straub to third Drew Duncan to second
|
Batting: RHB Micah McErlean
|
0-0: Foul Ball, location: 2F 0-1: Ball 1-1: Ball 2-1: Foul Ball, location: 2F 2-2: Ball 3-2: Base on Balls Josh Straub scores Drew Duncan to third Tony Galvan to second
|
Batting: LHB Juan Gonzalez
|
0-0: Ball 1-0: Called Strike 1-1: Ball 2-1: Ball 3-1: Swinging Strike 3-2: Strikes out swinging
|
Batting: RHB Dinand Brouwer
|
0-0: Ball 1-0: Ball 2-0: Called Strike 2-1: Ball 3-1: Foul Ball, location: 2F 3-2: Base on Balls Drew Duncan scores Tony Galvan to third Micah McErlean to second
|
Batting: RHB Josh Lippens
|
0-0: Called Strike 0-1: Foul Ball, location: 2F 0-2: Ball 1-2: SINGLE (Line Drive, 9LS, EV 98.1 MPH) Tony Galvan scores Micah McErlean to third Dinand Brouwer to second Runner from 3rd tries for Home, SAFE, throw by RF to home
|
Pitching: RHP Hitoshi Yoshihara
|
|
Batting: RHB Gabe Ochoa
|
0-0: Ground out 4-3 (Groundball, 4, EV 91.2 MPH)
|
Top of the 3rd over - 4 runs, 2 hits, 0 errors, 2 left on base; San Francisco (WIN) 5 - Pittsburgh (WIN) 0 |
BOTTOM OF THE 3RD |
Pittsburgh (WIN) Pirates batting - Pitching for San Francisco (WIN) Giants : RHP Pat Wiggins
|
Batting: RHB Alex Arzate
|
0-0: Swinging Strike 0-1: Called Strike 0-2: Ball 1-2: Foul Ball, location: 2F 1-2: Foul Ball, location: 2F 1-2: Ball 2-2: Foul Ball, location: 2F 2-2: Ball 3-2: Strikes out swinging
|
Batting: RHB Etsuro Hosokawa
|
0-0: Ball 1-0: SINGLE (Line Drive, 34D, EV 94.4 MPH)
|
Batting: RHB Ken Manser
|
0-0: Swinging Strike 0-1: Called Strike Etsuro Hosokawa steals 2nd, throwing error, E2 Etsuro Hosokawa to third 0-2: Foul Ball, location: 2F 0-2: SINGLE (Groundball, 56, EV 108.1 MPH) (infield hit) Etsuro Hosokawa scores
|
Batting: RHB Jose Almonte
|
0-0: Ball 1-0: Ball 2-0: Ground out 5-3 (Groundball, 56S, EV 70.6 MPH) Ken Manser to second
|
Batting: LHB Gregg Kellerman
|
0-0: Called Strike 0-1: Ball 1-1: Swinging Strike 1-2: 2-RUN HOME RUN (Flyball, 89XD, EV 97.5 MPH), Distance : 402 ft
|
Batting: RHB Mike Velazquez
|
0-0: Foul Ball, location: 2F 0-1: Called Strike 0-2: DOUBLE (Line Drive, 9LS, EV 105.0 MPH)
|
Batting: LHB Ruben Garza
|
0-0: Ball 1-0: Called Strike 1-1: Foul Ball, location: 2F 1-2: Strikes out swinging
|
Bottom of the 3rd over - 3 runs, 4 hits, 1 error, 1 left on base; San Francisco (WIN) 5 - Pittsburgh (WIN) 3 |
TOP OF THE 4TH |
San Francisco (WIN) Giants batting - Pitching for Pittsburgh (WIN) Pirates : RHP Hitoshi Yoshihara
|
Batting: LHB Josh Straub
|
0-0: Ball 1-0: SINGLE (Groundball, 6S, EV 63.8 MPH) (infield hit)
|
Batting: RHB Drew Duncan
|
0-0: Called Strike 0-1: Foul Ball, location: 2F 0-2: Strikes out looking
|
Batting: RHB Jason Gregor
|
0-0: Called Strike 0-1: Ball 1-1: Foul Ball, location: 2F 1-2: DOUBLE (Groundball, 5L, EV 103.1 MPH) Josh Straub to third
|
Pinch Runner at 2nd Mike Buchanan:
|
|
Batting: LHB Tony Galvan
|
0-0: Ball 1-0: Swinging Strike 1-1: Fly out, F9 (Flyball, 9D, EV 104.4 MPH) Runner from 3rd tags up, SCORES, no throw by RF Mike Buchanan to third
|
Batting: RHB Micah McErlean
|
0-0: Ball 1-0: Called Strike 1-1: Swinging Strike 1-2: SINGLE (Groundball, 6D, EV 95.6 MPH) Mike Buchanan scores
|
Batting: LHB Juan Gonzalez
|
0-0: Ball 1-0: Fly out, F8 (Flyball, 8LS, EV 80.0 MPH)
|
Top of the 4th over - 2 runs, 3 hits, 0 errors, 1 left on base; San Francisco (WIN) 7 - Pittsburgh (WIN) 3 |
BOTTOM OF THE 4TH |
Pittsburgh (WIN) Pirates batting - Pitching for San Francisco (WIN) Giants : RHP Pat Wiggins
|
Now at 1B: Mike Jones
|
|
Batting: SHB Mike Corley
|
0-0: Ball 1-0: Ball 2-0: Ball 3-0: Called Strike 3-1: Swinging Strike 3-2: Strikes out swinging
|
Batting: RHB Tim Moore
|
0-0: Swinging Strike 0-1: Ball 1-1: Ball 2-1: Ground out 6-3 (Groundball, 6, EV 81.2 MPH)
|
Batting: RHB Alex Arzate
|
0-0: Ball 1-0: Called Strike 1-1: Ball 2-1: Called Strike 2-2: Strikes out swinging
|
Bottom of the 4th over - 0 runs, 0 hits, 0 errors, 0 left on base; San Francisco (WIN) 7 - Pittsburgh (WIN) 3 |
TOP OF THE 5TH |
San Francisco (WIN) Giants batting - Pitching for Pittsburgh (WIN) Pirates : RHP Hitoshi Yoshihara
|
Batting: RHB Dinand Brouwer
|
0-0: Called Strike 0-1: Fly out, F8 (Flyball, 8LD, EV 101.2 MPH)
|
Batting: RHB Josh Lippens
|
0-0: Called Strike 0-1: Ball 1-1: Ball 2-1: Foul Ball, location: 2F 2-2: Foul Ball, location: 2F 2-2: Ball 3-2: Strikes out swinging
|
Batting: RHB Gabe Ochoa
|
0-0: Foul Ball, location: 2F 0-1: SINGLE (Line Drive, 8LS, EV 109.4 MPH)
|
Batting: LHB Josh Straub
|
0-0: Called Strike 0-1: Ball 1-1: Fly out, F7 (Line Drive, 7, EV 98.8 MPH)
|
Top of the 5th over - 0 runs, 1 hit, 0 errors, 1 left on base; San Francisco (WIN) 7 - Pittsburgh (WIN) 3 |
BOTTOM OF THE 5TH |
Pittsburgh (WIN) Pirates batting - Pitching for San Francisco (WIN) Giants : RHP Pat Wiggins
|
Batting: RHB Etsuro Hosokawa
|
0-0: Ball 1-0: Ball 2-0: Ball 3-0: Called Strike 3-1: Swinging Strike 3-2: Fly out, F8 (Line Drive, 8RM, EV 91.2 MPH)
|
Batting: RHB Ken Manser
|
0-0: Swinging Strike 0-1: Called Strike 0-2: Ball 1-2: Ground out 4-3 (Groundball, 4, EV 90.0 MPH)
|
Batting: RHB Jose Almonte
|
0-0: Foul Ball, location: 2F 0-1: Ball 1-1: Ball 2-1: SINGLE (Line Drive, 7LS, EV 103.1 MPH)
|
Batting: LHB Gregg Kellerman
|
0-0: Ball 1-0: Ground out 5-3 (Groundball, 56, EV 82.5 MPH)
|
Bottom of the 5th over - 0 runs, 1 hit, 0 errors, 1 left on base; San Francisco (WIN) 7 - Pittsburgh (WIN) 3 |
TOP OF THE 6TH |
San Francisco (WIN) Giants batting - Pitching for Pittsburgh (WIN) Pirates : RHP Hitoshi Yoshihara
|
Batting: RHB Drew Duncan
|
0-0: Ball 1-0: Ball 2-0: Ground out 5-3 (Groundball, 5, EV 99.4 MPH)
|
Batting: RHB Mike Jones
|
0-0: Called Strike 0-1: Swinging Strike 0-2: Ball 1-2: Ball 2-2: Ground out U3 (Groundball, 34S, EV 70.6 MPH)
|
Batting: LHB Tony Galvan
|
0-0: Ball 1-0: Ball 2-0: Foul Ball, location: 2F 2-1: Ball 3-1: Base on Balls
|
Batting: RHB Micah McErlean
|
0-0: Ball 1-0: Foul Ball, location: 2F 1-1: Ball 2-1: DOUBLE (Flyball, 89D, EV 111.9 MPH) Tony Galvan to third Runner from 3rd tries for Home, SAFE, throw by RF to trailing runner, SAFE at third!
|
Pitching: RHP Dave Weinraub
|
|
Batting: LHB Juan Gonzalez
|
0-0: Foul Ball, location: 2F 0-1: Ball 1-1: Foul Ball, location: 2F 1-2: Ball 2-2: Ball 3-2: Hit by Pitch
|
Batting: RHB Dinand Brouwer
|
0-0: Ball 1-0: Swinging Strike Passed Ball! Micah McErlean scores Juan Gonzalez to second 1-1: Fly out, F9 (Flyball, 89S, EV 83.8 MPH)
|
Top of the 6th over - 2 runs, 1 hit, 0 errors, 1 left on base; San Francisco (WIN) 9 - Pittsburgh (WIN) 3 |
BOTTOM OF THE 6TH |
Pittsburgh (WIN) Pirates batting - Pitching for San Francisco (WIN) Giants : RHP Pat Wiggins
|
Pitching: RHP Ryan Hoagland
|
|
Batting: RHB Mike Velazquez
|
0-0: Ball 1-0: Swinging Strike 1-1: Called Strike 1-2: Ball 2-2: Ground out U3 (Groundball, 34S, EV 91.9 MPH)
|
Batting: LHB Ruben Garza
|
0-0: Foul Ball, location: 2F 0-1: Swinging Strike 0-2: Ball 1-2: Ball 2-2: Foul Ball, location: 2F 2-2: Strikes out swinging
|
Batting: SHB Mike Corley
|
0-0: Ball 1-0: Ball 2-0: SINGLE (Line Drive, 4MD, EV 94.4 MPH)
|
Batting: RHB Tim Moore
|
0-0: Ball 1-0: Ball 2-0: Ground out 4-3 (Groundball, 34, EV 103.8 MPH)
|
Bottom of the 6th over - 0 runs, 1 hit, 0 errors, 1 left on base; San Francisco (WIN) 9 - Pittsburgh (WIN) 3 |
TOP OF THE 7TH |
San Francisco (WIN) Giants batting - Pitching for Pittsburgh (WIN) Pirates : RHP Dave Weinraub
|
Batting: RHB Josh Lippens
|
0-0: Ball 1-0: Ball 2-0: Foul Ball, location: 2F 2-1: Foul Ball, location: 2F 2-2: Strikes out swinging
|
Batting: RHB Gabe Ochoa
|
0-0: Foul Ball, location: 2F 0-1: Called Strike 0-2: Foul Ball, location: 2F 0-2: Ball 1-2: Ball 2-2: Ball 3-2: Foul Ball, location: 2F 3-2: SINGLE (Flyball, 8LS, EV 87.5 MPH)
|
Batting: LHB Josh Straub
|
0-0: Ball 1-0: Ball 2-0: Ball 3-0: Called Strike 3-1: Called Strike 3-2: Strikes out swinging
|
Batting: RHB Drew Duncan
|
0-0: Ball 1-0: Foul Ball, location: 2F 1-1: Swinging Strike 1-2: Ball 2-2: Strikes out swinging
|
Top of the 7th over - 0 runs, 1 hit, 0 errors, 1 left on base; San Francisco (WIN) 9 - Pittsburgh (WIN) 3 |
BOTTOM OF THE 7TH |
Pittsburgh (WIN) Pirates batting - Pitching for San Francisco (WIN) Giants : RHP Ryan Hoagland
|
Batting: RHB Alex Arzate
|
0-0: Ball 1-0: Ball 2-0: Ball 3-0: Base on Balls
|
Batting: RHB Etsuro Hosokawa
|
0-0: Ball 1-0: Called Strike 1-1: Swinging Strike 1-2: Strikes out swinging
|
Batting: RHB Ken Manser
|
0-0: Foul Ball, location: 2F 0-1: Ball 1-1: Fly out, F8 (Flyball, 8LS, EV 88.8 MPH)
|
Batting: RHB Jose Almonte
|
0-0: Ball 1-0: Foul Ball, location: 2F 1-1: Ball Passed Ball! Alex Arzate to second 2-1: Ball 3-1: Called Strike 3-2: Strikes out looking
|
Bottom of the 7th over - 0 runs, 0 hits, 0 errors, 1 left on base; San Francisco (WIN) 9 - Pittsburgh (WIN) 3 |
TOP OF THE 8TH |
San Francisco (WIN) Giants batting - Pitching for Pittsburgh (WIN) Pirates : RHP Dave Weinraub
|
Batting: RHB Mike Jones
|
0-0: Ground out U3 (Groundball, 34, EV 88.8 MPH)
|
Batting: LHB Tony Galvan
|
0-0: Fly out, F7 (Flyball, 7S, EV 93.1 MPH)
|
Batting: RHB Micah McErlean
|
0-0: Called Strike 0-1: Swinging Strike 0-2: Ball 1-2: Ball 2-2: Strikes out swinging
|
Top of the 8th over - 0 runs, 0 hits, 0 errors, 0 left on base; San Francisco (WIN) 9 - Pittsburgh (WIN) 3 |
BOTTOM OF THE 8TH |
Pittsburgh (WIN) Pirates batting - Pitching for San Francisco (WIN) Giants : RHP Ryan Hoagland
|
Batting: LHB Gregg Kellerman
|
0-0: Foul Ball, location: 2F 0-1: Called Strike 0-2: Fly out, F8 (Flyball, 8LD, EV 82.5 MPH)
|
Batting: RHB Mike Velazquez
|
0-0: SINGLE (Groundball, P, EV 91.9 MPH) (infield hit)
|
Batting: LHB Ruben Garza
|
0-0: Ball 1-0: Foul Ball, location: 2F 1-1: Ball 2-1: Called Strike 2-2: Ball 3-2: Base on Balls Mike Velazquez to second
|
Pitching: RHP Lorenzo de Jesus
|
|
Batting: SHB Mike Corley
|
0-0: Ball 1-0: Ball 2-0: Foul Ball, location: 2F 2-1: Called Strike 2-2: Strikes out swinging
|
Batting: RHB Tim Moore
|
0-0: Called Strike 0-1: Hit by Pitch Mike Velazquez to third Ruben Garza to second
|
Pinch Hitting: LHB Josh Aerni
|
0-0: Called Strike 0-1: Ground out 4-3 (Groundball, 4, EV 85.6 MPH)
|
Bottom of the 8th over - 0 runs, 1 hit, 0 errors, 3 left on base; San Francisco (WIN) 9 - Pittsburgh (WIN) 3 |
TOP OF THE 9TH |
San Francisco (WIN) Giants batting - Pitching for Pittsburgh (WIN) Pirates : RHP Dave Weinraub
|
Now at 2B: Ken Manser
|
|
Now at SS: Richard Barrios
|
|
Batting: LHB Juan Gonzalez
|
0-0: Called Strike 0-1: Called Strike 0-2: Ball 1-2: Ball 2-2: Ball 3-2: Foul Ball, location: 2F 3-2: Strikes out looking
|
Batting: RHB Dinand Brouwer
|
0-0: SOLO HOME RUN (Flyball, 78XD, EV 103.8 MPH), Distance : 404 ft
|
Batting: RHB Josh Lippens
|
0-0: Called Strike 0-1: Fly out, F9 (Flyball, 9, EV 83.1 MPH)
|
Batting: RHB Gabe Ochoa
|
0-0: Fly out, F8 (Line Drive, 8RM, EV 92.5 MPH)
|
Top of the 9th over - 1 run, 1 hit, 0 errors, 0 left on base; San Francisco (WIN) 10 - Pittsburgh (WIN) 3 |
BOTTOM OF THE 9TH |
Pittsburgh (WIN) Pirates batting - Pitching for San Francisco (WIN) Giants : RHP Lorenzo de Jesus
|
Batting: RHB Etsuro Hosokawa
|
0-0: TRIPLE (Flyball, 9LD, EV 110.6 MPH)
|
Batting: RHB Ken Manser
|
0-0: Called Strike 0-1: Foul Ball, location: 2F 0-2: Ball 1-2: Ball 2-2: Foul Ball, location: 2F 2-2: Foul Ball, location: 2F 2-2: Ball 3-2: Foul Ball, location: 2F 3-2: Base on Balls
|
Batting: RHB Jose Almonte
|
0-0: Fielders Choice at 2nd, 1-6 (Groundball, 13S, EV 71.2 MPH)
|
Pinch Hitting: RHB Killian Jones
|
0-0: Called Strike 0-1: Called Strike 0-2: Fly out, F9 (Flyball, 89XD, EV 90.6 MPH) Runner from 3rd tags up, SCORES, no throw by RF
|
Batting: RHB Mike Velazquez
|
0-0: Called Strike 0-1: Ball 1-1: Called Strike 1-2: Fielders Choice at 2nd, 6-4 (Groundball, 6, EV 86.9 MPH)
|
Bottom of the 9th over - 1 run, 1 hit, 0 errors, 1 left on base; San Francisco (WIN) 10 - Pittsburgh (WIN) 4 |
|